 Dungeon Crawl Stone Soup version 0.26.1-11-gd32895ea62 (webtiles) character file.

Game seed: 2475692476459205693

492 dtburroughs the Skirmisher (level 6, 0/84 HPs)
             Began as a Minotaur Berserker on May 18, 2021.
             Was a Believer of Trog.
             Slain by Blork the orc
             ... wielding a +0 battleaxe of electrocution
              (21 damage)
             ... on level 4 of the Dungeon.
             The game lasted 00:07:19 (2964 turns).

dtburroughs the Skirmisher (Minotaur Berserker)     Turns: 2964, Time: 00:07:20

Health: 0/84       AC:  3    Str: 21    XL:     6   Next: 91%
Magic:  5/5        EV: 13    Int:  6    God:    Trog [**....]
Gold:   151        SH:  4    Dex: 10    Spells: 5/5 levels left

rFire    . . .     SeeInvis .   a - +0 hand axe
rCold    . . .     Faith    .   c - +0 buckler
rNeg     . . .     Spirit   .   e - +0 leather armour
rPois    .         Reflect  .   (helmet restricted)
rElec    .         Harm     .   (no cloak)
rCorr    .         Rampage  .   (no gloves)
Will     .....                  (no boots)
Stlth    ..........             (no amulet)
HPRegen  0.24/turn              (no ring)
MPRegen  0.09/turn              (no ring)

@: berserking, very quick
A: retaliatory headbutt, horns 2
a: Renounce Religion, Berserk, Trog's Hand


You were on level 4 of the Dungeon.
You worshipped Trog.
Trog was pleased with you.
You visited 1 branch of the dungeon, and saw 4 of its levels.

You collected 151 gold pieces.

Inventory:

Hand Weapons
 a - a +0 hand axe (weapon)
Armour
 c - a +0 buckler (worn)
 e - a +0 leather armour (worn)
 m - a +0 cloak
Jewellery
 h - an uncursed amulet of the acrobat {unknown}
Wands
 n - a wand of enslavement (10)
 q - a wand of paralysis (9)
Scrolls
 b - 2 scrolls of remove curse {unknown}
 f - 2 scrolls of noise {unknown}
 i - a scroll of enchant weapon {unknown}
 j - 3 scrolls of identify {unknown}
 l - 2 scrolls of teleportation {unknown}
 p - a scroll of enchant armour {unknown}
Potions
 d - 4 potions of flight {unknown}
 g - 2 potions of curing {unknown}
 k - a potion of brilliance {unknown}
 o - 2 potions of mutation {unknown}


   Skills:
 + Level 5.3 Fighting
 + Level 5.2 Axes
 + Level 4.4 Armour
 + Level 4.1 Dodging
 + Level 3.6 Shields


You had 5 spell levels left.
You didn't know any spells.
Your spell library was empty.

Dungeon Overview and Level Annotations

Branches:
Dungeon (4/15)
 Temple: D:4-7

Altars:
Dithmenos
Makhleb
Yredelemnul

Annotations:
D:4 Blork the orc


Innate Abilities, Weirdness & Mutations

You reflexively headbutt those who attack you in melee.
You have a pair of horns on your head.


Message History

You furiously retaliate!
You headbutt the iguana, but do no damage.
You hit Blork the orc.
You headbutt Blork the orc, but do no damage.
Blork the orc is almost dead.
You closely miss the iguana.
Blork the orc gestures at himself while chanting.
Blork the orc flickers and vanishes!
Deactivating autopickup; reactivate with Ctrl-A.
The iguana barely misses you.
A red film seems to cover your vision as you go berserk!
You feel yourself moving faster!
You feel mighty! The iguana closely misses you.
You miss something. You slash the iguana!
You hear some strange, mumbled words.
A puff of flame appears from out of thin air!
The puff of flame hits you! The iguana bites you!
* * * LOW HITPOINT WARNING * * *
Something hits you!!
You die...

.......
#....##.............
#.....##...####........###.
#..........##........##
#.......#.....##.......
##.#..###......##.#.....
####.##..###.....####.....
..#....###..##.....## #....
.......#....##..<...#.. .#
.#.........##.@........
....(........#{l........
...................##.#.
..............##......#
.............####..###
................ ...#
###..............$###
#......$.........#
............#.#.


You could see an iguana.

Vanquished Creatures
  Eustachio (D:4)
  A centaur (D:3)
  An orc priest (D:4)
  A bullfrog skeleton (D:2)
  An iguana (D:4)
  An orc wizard (D:4)
  4 gnolls
  5 adders
  2 worms
  10 leopard geckos
  7 orcs
  2 ball pythons
  5 giant cockroaches
  6 goblins
  5 hobgoblins
  3 jackals (D:4)
  4 kobolds
  A quokka (D:3)
  5 bats
  3 frilled lizards
  6 rats
74 creatures vanquished.

Notes
Turn   | Place    | Note
-------+----------+-------------------------------------------
     0 | D:1      | dtburroughs the Minotaur Berserker began the quest for the
                  | Orb.
     0 | D:1      | Reached XP level 1. HP: 19/19 MP: 0/0
   237 | D:1      | Reached XP level 2. HP: 27/27 MP: 1/1
   470 | D:1      | Reached skill level 1 in Shields
   712 | D:1      | Reached XP level 3. HP: 33/33 MP: 2/2
   859 | D:2      | Reached ** piety under Trog
   953 | D:2      | Found a faded altar of an unknown god.
  1083 | D:2      | Reached XP level 4. HP: 36/40 MP: 3/3
  1515 | D:3      | Noticed a centaur
  1528 | D:3      | Killed a centaur
  1529 | D:3      | Reached XP level 5. HP: 17/47 MP: 4/4
  1953 | D:3      | Paralysed by an orc for 2 turns
  2117 | D:3      | Found a burning altar of Makhleb.
  2636 | D:4      | Noticed Eustachio
  2659 | D:4      | Killed Eustachio
  2660 | D:4      | Reached skill level 5 in Fighting
  2660 | D:4      | Reached skill level 5 in Axes
  2660 | D:4      | Reached XP level 6. HP: 49/56 MP: 5/5
  2715 | D:4      | Found a shadowy altar of Dithmenos.
  2725 | D:4      | Found a basalt altar of Yredelemnul.
  2943 | D:4      | Noticed Blork the orc
  2964 | D:4      | Slain by Blork the orc

Illustrated notes

Levels and vault maps discovered:
D:1:      dpeg_arrival_tiny_g, layout_basic
D:2:      layout_rooms, chequers_ecumenical_altar_island
D:3:      layout_loops_ring, lemuel_doored_altar, gup_sewer_entry_pipe,
          roderic_three_in_a_row
D:4:      layout_cave_pools, lemuel_round_altar, marbit_many_paths,
          yredelemnul_altar_generic, chequers_temple_overflow_statue_of_worship,
          minmay_misc_feat_enclosed, uniq_blork_the_orc, uniq_eustachio

Skill      XL: |  1  2  3  4  5  6 |
---------------+-------------------+-----
Shields        | 1 2 3 |  3.6
Fighting       | 4 5 |  5.3
Axes           | 4 5 |  5.2
Armour         | 3 4 |  4.4
Dodging        | 3 4 |  4.1

Action                   |  1- 3 |  4- 6 || total
-------------------------+-------+-------++-------
Melee: Hand axe          |    50 |   120 ||   170
       Headbutt          |    11 |    26 ||    37
Invok: Berserk           |       |     1 ||     1
       Trog's Hand       |       |     1 ||     1
Evoke: Wand              |       |     1 ||     1
 Stab: Paralysed         |       |     5 ||     5
Armor: Animal skin       |     2 |       ||     2
       Leather armour    |     5 |    35 ||    40
Dodge: Dodged            |    24 |    85 ||   109
Block: Buckler           |    11 |    26 ||    37
